Unix NetHack Version 5.0.0-0 post-release - last build May 31 2026 23:59:36 (970b52f25bf058293b47ddfd14a1e40e571c508c,branch:main).

Game began 2026-06-04 07:32:52, ended 2026-06-04 08:10:19.

FutureTim, lawful female human Valkyrie

      -------
      |.....--
      |.....)----
      |.........--
     --.|.*.---..---
    --..|.....|....--
    |..-|....(...)*)--  ----
    |.-|-----........| --..|  ---
    |..-- ---.-)).d.%---...|  |.----
   --...| |........|.@a....-- |....--
   |....|--.......-|.......G---.....|
   --..---.......-------.---...<....|
    --.||....---.|     |.- --.....---
     |)||...-- |.|     |.  -...........
     |.------  |.-     |. .....---------
     |.        |.      -----...|
     --        ---         ..---
                          |..
                          ---

FutureTim the Fighter       St:14 Dx:14 Co:18 In:10 Wi:14 Ch:7  Lawful
Dlvl:6  $:48 HP:0(70) Pw:29(29) AC:3  Xp:6 T:3725 

Latest messages:
 You kill the gnome!
 The gnome hits!
 The gnome picks up 6 crossbow bolts.
 You kill the gnome!
 Your dog eats a gnome corpse.
 The gnome shoots an arrow!
 An arrow misses you.
 N - an expensive camera.
 You see here a dagger.
 You kill the gnome!
 O - a potion of healing.
 The gnome swings her bow.
 The gnome hits!
 You miss the gnome.
 You kill the gnome!
 Your dog eats a gnome corpse.
 You miss the snake.
 The snake just misses!
 You kill the snake!
 You see here a snake corpse.
 There is a snake corpse here; eat it? [ynq] (n) y
 Ecch - that must have been poisonous!
 You stop eating the snake corpse.
 What do you want to ready? [$b or ?*] <enter>
 Never mind.
 The fire ant bites!
 The fire ant bites again!
 You're on fire!
 The fire ant misses!
 The fire ant bites!
 You're on fire!
 You hit the fire ant!
 The fire ant bites!
 The fire ant misses!
 You miss the fire ant.
 The fire ant bites!
 The fire ant misses!
 The fire ant bites!
 The fire ant bites again!
 You're on fire!
 You hit the fire ant.
 The fire ant misses!
 The fire ant bites!
 You're on fire!
 You die...
 Do you want your possessions identified? [ynq] (y) y
 Do you want to see your attributes? [ynq] (y) y
 Do you want an account of creatures vanquished? [ynaq] (y) y
 Do you want to see your conduct and achievements? [ynq] (y) y
 Do you want to see the dungeon overview? [ynq] (y) y

Inventory:
 Coins    ('$')
  $ - 48 gold pieces
 Weapons  (')')
  b - 3 +0 daggers
  w - a blessed +1 spear (weapon in right hand)
 Armor    ('[')
  M - a cursed +0 helmet
  E - an uncursed +1 pair of high boots (being worn)
  c - an uncursed +3 small shield (being worn)
  n - an uncursed +1 cloak of invisibility
  J - an uncursed +0 dwarvish cloak
  t - an uncursed +0 oilskin cloak
 Comestibles  ('%')
  H - an uncursed food ration
 Spellbooks  ('+')
  o - an uncursed spellbook of healing
 Potions  ('!')
  O - a cursed potion of healing
  C - an uncursed potion of object detection
  A - an uncursed potion of paralysis
  y - a blessed potion of see invisible
 Rings    ('=')
  j - an uncursed ring of warning
 Tools    ('(')
  N - an expensive camera (0:94)
  L - a cursed magic lamp
  D - an uncursed oil lamp
  s - an uncursed skeleton key
  h - an uncursed stethoscope
  F - 2 uncursed tallow candles
  e - an uncursed tin whistle

FutureTim the Valkyrie's attributes:

Background:
 You were a Fighter, a level 6 human Valkyrie.
 You were lawful, on a mission for Tyr
 who was opposed by Odin (neutral) and Loki (chaotic).
 You were right-handed.
 You were in the Gnomish Mines, on level 6.
 You entered the dungeon 3725 turns ago.
 You had 634 experience points, 6 more were needed to attain level 7.

Basics:
 You had 0 out of 70 hit points.
 You had all 29 energy points (spell power).
 Your armor class was 3.
 Your wallet contained 48 zorkmids.
 Autopickup was off.

Final Characteristics:
 Your strength was 14 (peak:16, limit:18/100).
 Your dexterity was 14 (limit:18).
 Your constitution was 18 (limit:18).
 Your intelligence was 10 (limit:18).
 Your wisdom was 14 (limit:18).
 Your charisma was 7 (limit:18).

Final Status:
 You weren't hungry.
 You were unencumbered.
 You were wielding a spear.
 You were skilled in spear.

Final Attributes:
 You were piously aligned.
 You were cold resistant.
 You were stealthy.
 You are dead.

Miscellaneous:
 You didn't encounter any bones levels.
 Total elapsed playing time was 37 minutes and 26 seconds.

Major events:
 Turn
    1: FutureTim the lawful human Valkyrie entered the dungeon
 1481: attained the rank of Skirmisher (level 3)
 1831: entered the Gnomish Mines
 2792: reached Mine Town
 2807: attained the rank of Fighter (level 6)
 3725: killed by a fire ant

You didn't know any spells.

Skills:
 Fighting Skills
   bare handed combat [Unskilled]
   two weapon combat  [Unskilled]
   riding             [Unskilled]
 Weapon Skills
   dagger             [Basic]
   axe                [Unskilled]
   pick-axe           [Unskilled]
   short sword        [Unskilled]
   broadsword         [Unskilled]
   long sword         [Unskilled]
   two-handed sword   [Unskilled]
   saber              [Unskilled]
   hammer             [Unskilled]
   quarterstaff       [Unskilled]
   polearms           [Unskilled]
   spear              [Skilled]
   trident            [Unskilled]
   lance              [Unskilled]
   sling              [Unskilled]
 Spellcasting Skills
   attack spells      [Unskilled]
   escape spells      [Unskilled]

Voluntary challenges:
 Character rerolling was not enabled.
 You never genocided any monsters.
 You never polymorphed an object.
 You never changed form.
 You used no wishes.
Achievements:
 You entered a shop.
 You attained the rank of Skirmisher.
 You entered the Gnomish Mines.
 You entered Minetown.
 You attained the rank of Fighter.
 You entered a temple.

 The Dungeons of Doom: levels 1 to 5
    Level 1:
    Level 2:
       An armor shop, a fountain.
       Stairs down to The Gnomish Mines.
    Level 3:
       A general store.
    Level 4:
    Level 5:
 The Gnomish Mines: levels 3 to 6
    Level 3:
    Level 4:
    Level 5:
       Some shops, a temple and an altar, some fountains.
    Level 6: <- You were here.
       Final resting place for
          you, killed by a fire ant.


Vanquished creatures:
  a small mimic
  a snake
  2 rock piercers
  a pony
  a violet fungus
  4 gnome leaders
  4 gnomish wizards
  3 floating eyes
  3 dwarves
  a homunculus
  a kobold leader
  a giant bat
  2 orc zombies
  a wererat
  a werejackal
  4 iguanas
  2 acid blobs
  2 coyotes
  a hobbit
  a large kobold
  a hobgoblin
  3 giant rats
  a brown mold
 32 gnomes
  2 geckos
  6 jackals
  a fox
  a kobold
  a goblin
  a sewer rat
  7 grid bugs
  2 bats
  6 lichens
  2 kobold zombies
  2 newts
105 creatures vanquished.

No species were genocided or became extinct.

Game over:
                       ----------
                      /          \
                     /    REST    \
                    /      IN      \
                   /     PEACE      \
                  /                  \
                  |    FutureTim     |
                  |      48 Au       |
                  | killed by a fire |
                  |       ant        |
                  |                  |
                  |                  |
                  |       2026       |
                 *|     *  *  *      | *
        _________)/\\_//(\/(/\)/\//\/|_)_______

Farvel FutureTim the Valkyrie...

You died in The Gnomish Mines on dungeon level 6 with 2880 points,
and 48 pieces of gold, after 3725 moves.
You were level 6 with a maximum of 70 hit points when you died.

